 Dungeon Crawl Stone Soup version 0.32-a0-799-g95e1662365 (webtiles) character file.

Game seed: 11113192903055548522

97 backslashecho the Slasher (level 4, 0/27 HPs)
             Began as a Tengu Reaver on Mar 22, 2024.
             Slain by a gnoll
             ... wielding a +0 whip
              (6 damage)
             ... on level 2 of the Dungeon.
             The game lasted 00:03:20 (1920 turns).

backslashecho the Slasher (Tengu Reaver)            Turns: 1920, Time: 00:03:21

Health: 0/27       AC:  3    Str: 12    XL:     4   Next: 68%
Magic:  8/8        EV: 25    Int: 15    God:
Gold:   91         SH:  4    Dex: 13    Spells: 7/8 levels left

rFire   . . .        a - +0 falchion
rCold   . . .        i - +0 buckler
rNeg    . . .        b - +0 leather armour
rPois   .            (helmet restricted)
rElec   .            (no cloak)
rCorr   .            (no gloves)
SInv    .            (boots unavailable)
Will    .....        (no amulet)
Stlth   +            (no ring)
HPRegen 0.24/turn    (no ring)
MPRegen 0.11/turn

%: acrobat
@: acrobatic
A: beak, talons 3, acrobatic
a: no special abilities


You were on level 2 of the Dungeon.
You visited 1 branch of the dungeon, and saw 2 of its levels.

You collected 91 gold pieces.

Inventory:

Hand Weapons
 a - a +0 falchion (weapon)
Missiles
 k - 5 poisoned darts (quivered)
Armour
 b - a +0 leather armour (worn)
 i - a +0 buckler (worn)
Jewellery
 h - a +6 ring of dexterity
Scrolls
 c - a scroll of immolation {unknown}
 e - a scroll of poison {unknown}
 j - a scroll of identify {unknown}
Potions
 d - a potion of magic {unknown}
 f - a potion of resistance {unknown}
 g - a potion of attraction {unknown}


   Skills:
 + Level 2.6 Fighting
 * Level 4.3 Long Blades
 + Level 3.0 Dodging
 + Level 0.9 Shields
 + Level 2.5 Spellcasting
 - Level 4.0 Conjurations


You had 7 spell levels left.
You knew the following spells:

 Your Spells              Type           Power      Damage    Failure   Level
a - Kiss of Death         Conj/Necr      28%        2d7       17%         1

Your spell library contained the following spells:

 Spells                   Type           Power      Damage    Failure   Level
 Magic Dart               Conj           52%        1d5       8%          1
 Momentum Strike          Conj/Tloc      14%        3d8       26%         2
 Hailstorm                Conj/Ice       7%         3d5       45%         3
 Blink                    Tloc           2%         N/A       52%         2
 Call Imp                 Summ           2%         N/A       52%         2


Dungeon Overview and Level Annotations

Branches:
Dungeon (2/15)

Altars:


Innate Abilities, Weirdness & Mutations

You have a beak for a mouth.
You have claws for feet.
You can magically evade attacks while moving or waiting.


Message History

You barely miss the rat. You block the rat's attack.
You hit the rat.
You kill the rat!
You see here a rat corpse.
You enter the shallow water.
Moving in this stuff is going to be slow.
Found 5 stones.
You see here 5 stones.
Found a dagger.
As you open the door, it creaks loudly!
There is an open door here.
You open the door.
There is an open door here.
An endoplasm comes into view.
An endoplasm is nearby!
No target in view!
No target in view!
Found a ring mail.
The endoplasm quivers.
You hit the endoplasm.
You kill the endoplasm!
Your Dodging skill increases to level 3!
No target in view!
A frilled lizard is nearby!
The frilled lizard hisses angrily.
A hobgoblin comes into view.
The frilled lizard unfolds its giant frill.
You slash the frilled lizard!
You kill the frilled lizard!
You hit the hobgoblin. Your kick misses the hobgoblin.
The hobgoblin is severely wounded.
The hobgoblin barely misses you.
You hit the hobgoblin.
You kill the hobgoblin!
No target in view!
No target in view!
You enter the shallow water.
Moving in this stuff is going to be slow.
There is an escape hatch in the ceiling here.
There is an open door here.
There is an open door here.
You now have 91 gold pieces (gained 11).
You enter the shallow water.
Moving in this stuff is going to be slow.
You enter the shallow water.
Moving in this stuff is going to be slow.
You see here a hobgoblin corpse.
You enter the shallow water.
Moving in this stuff is going to be slow.
Found 5 poisoned darts.
You see here a +0 ring mail.
Found a stone staircase leading down.
You see here 5 poisoned darts.
k - 5 poisoned darts A hobgoblin comes into view.
A hobgoblin is nearby!
You block the hobgoblin's attack.
You hit the hobgoblin.
You kill the hobgoblin!
No target in view!
You see here a hobgoblin corpse.
As you open the large door, it creaks loudly! 3 gnolls come into view.
A gnoll is wielding a +0 club and quivering a throwing net.
A gnoll is wielding a +0 spear and quivering 2 throwing nets.
The gnoll shouts! x2
A bat comes into view.
The bat barely misses you. The bat completely misses you.
The gnoll hits you with a +0 spear.
The gnoll throws a throwing net.
The throwing net completely misses you.
There is a large open door here.
You take 4 damage, and have 23/27 hp.
You hit the gnoll. You claw the gnoll. Your peck misses the gnoll.
The gnoll is heavily wounded.
The bat hits you but does no damage. The gnoll closely misses you.
The gnoll completely misses you.
You hit the bat.
You kill the bat!
You block the gnoll's attack. The gnoll hits you with a +0 whip.
You take 5 damage, and have 18/27 hp.
You hit the gnoll. Your kick misses the gnoll. Your peck misses the gnoll.
The gnoll is moderately wounded.
You block the gnoll's attack. The gnoll misses you.
The gnoll closely misses you.
You hit the gnoll. You claw the gnoll. You peck the gnoll, but do no damage.
The gnoll is severely wounded.
The gnoll closely misses you. You block the gnoll's attack.
You closely miss the gnoll.
The gnoll is severely wounded.
The gnoll hits you but does no damage.
The gnoll hits you from afar with a +0 spear!
You take 9 damage, and have 9/27 hp.
MASSIVE DAMAGE!!
The gnoll attacks as it pursues you! The gnoll completely misses you.
The gnoll attacks as it pursues you!
The gnoll hits you from afar with a +0 spear.
* * * LOW HITPOINT WARNING * * *
You take 3 damage, and have 6/27 hp.
You are too injured to fight recklessly!
You see here a hobgoblin corpse.
The gnoll attacks as it pursues you! The gnoll hits you with a +0 whip.
You die...

#.# #####.....# ##...## ###.#
#.........# ##.....## ##.#.#
#.######..# #.......##
##....####.#####...####.........#
....h<...........>....+.........'
##....####.###.#...####.........#
##.######## #.##..# ##.......##
####......##.###.# ##.....##
#.♣..♣.#g.g@..# ##...##
#..~~..g..##### ##+# #..~~..'†(#
#### #.♣..♣.##.# ...# #...... #.#
##.######### #.# .#.##.# #.#
...##.# #.# ...##.# ..


You could see 3 gnolls.

Vanquished Creatures
  Natasha (twice) (D:2)
  2 ribbon worms (D:2)
  A dart slug (D:1)
  4 ball pythons
  5 bats
  3 endoplasms
  A giant cockroach (D:2)
  2 goblins (D:1)
  6 hobgoblins
  4 frilled lizards
  12 rats
42 creatures vanquished.

Notes
Turn   | Place    | Note
-------+----------+-------------------------------------------
     0 | D:1      | backslashecho the Tengu Reaver began the quest for the Orb.
     0 | D:1      | Reached XP level 1. HP: 12/12 MP: 4/4
   124 | D:1      | Reached XP level 2. HP: 12/17 MP: 6/6
  1033 | D:2      | Noticed Natasha
  1142 | D:2      | Reached XP level 3. HP: 21/21 MP: 7/7
  1262 | D:2      | Killed Natasha
  1320 | D:2      | Reached XP level 4. HP: 16/26 MP: 8/8
  1584 | D:2      | Noticed Natasha
  1613 | D:2      | Killed Natasha
  1920 | D:2      | Slain by a gnoll

Illustrated notes

Levels and vault maps discovered:
D:1:      giann_wishing_wells, layout_basic, minmay_rat_gold_closets
D:2:      layout_loops_corners, serial_bayou, serial_bayou_pond_c,
          serial_bayou_pond_a, serial_bayou_pond_a, serial_bayou_crossing,
          kennysheep_generic_room_15, uniq_natasha

Skill      XL: |  1  2  3  4 |
---------------+-------------+-----
Long Blades    | 4 |  4.3
Dodging        | 3 |  3.0
Fighting       | |  2.6
Shields        | |  0.9
Spellcasting   | |  2.5
Conjurations   | |  4.0

Action                     |  1- 3 |  4- 6 || total
---------------------------+-------+-------++-------
  Melee: Falchion          |    67 |    36 ||   103
         Kick              |    15 |    11 ||    26
         Peck              |     9 |     8 ||    17
   Cast: Kiss of Death     |     1 |       ||     1
   Stab: Sleeping          |     3 |       ||     3
 Armour: Leather armour    |    33 |    15 ||    48
  Dodge: Dodged            |    32 |    17 ||    49
  Block: Buckler           |     2 |    10 ||    12

Table legend: (Time is in decaauts)
 A = Elapsed time spent in this place.
 B = Non-inter-level travel time spent in this place.
 C = Inter-level travel time spent in this place.
 D = Time resting spent in this place.
 E = Time spent auto-exploring this place.
 F = Levels seen in this place.
 G = Mean time per level.
                   A        B        C        D        E       F      G
               +--------+--------+--------+--------+--------+-----+--------+
         Total |   1949 |   1801 |    148 |     24 |   1397 |   2 |  974.5 |
       Dungeon |   1949 |   1801 |    148 |     24 |   1397 |   2 |  974.5 |
               +--------+--------+--------+--------+--------+-----+--------+

Top non-repeatable levels by time:
     D:1: 1073 daAuts
     D:2: 876 daAuts
